 Dungeon Crawl Stone Soup version 0.22-a0-512-g0943f25 (webtiles) character file.

39 inc the Ducker (level 3, 15/15 HPs)
             Began as a Felid Transmuter on June 18, 2018.
             Quit the game on level 2 of the Dungeon.
             The game lasted 00:02:46 (2170 turns).

inc the Ducker (Felid Transmuter)                   Turns: 2170, Time: 00:02:47

Health: 15/15      AC:  1    Str:  6    XL:     3   Next: 28%
Magic:  7/7        EV: 21    Int: 14    God:
Gold:   94         SH:  0    Dex: 17    Spells: 5/6 levels left
                                        Lives:  0   Deaths: 1

rFire    . . .     SeeInvis +     - Unarmed
rCold    . . .     Gourm    .   (shield unavailable)
rNeg     . . .     Faith    .   (armour unavailable)
rPois    .         Spirit   .   (helmet unavailable)
rElec    .         Reflect  .   (cloak unavailable)
rCorr    .         Harm     .   (gloves unavailable)
MR       .....                  (boots unavailable)
Stlth    +.........             (no amulet)
HPRegen  0.05/turn              e - ring of loudness (curse)
MPRegen  0.10/turn              (no ring)

@: quick
A: very small, no armour, no weapons or thrown items, stealth, claws 1, fangs 3,
see invisible, carnivore, speed 1, shaggy fur 1, slow metabolism 1, sharp paws
a: no special abilities


You were on level 2 of the Dungeon.
You were not hungry.

You visited 1 branch of the dungeon, and saw 2 of its levels.

You collected 94 gold pieces.

Inventory:

Missiles
 a - 30 arrows
Jewellery
 e - a cursed ring of loudness (left paw)
Scrolls
 b - a scroll of remove curse {unknown}
 f - a scroll of fog {unknown}
 g - a scroll of enchant armour {unknown}
Potions
 d - a potion of heal wounds
 h - 2 potions of might
Comestibles
 c - 2 rations


   Skills:
 - Level 1.0 Fighting
 + Level 5.5 Dodging
 - Level 3.0 Unarmed Combat
 - Level 2.0 Spellcasting
 - Level 3.1 Transmutations


You had 5 spell levels left.
You knew the following spells:

 Your Spells              Type           Power        Failure   Level  Hunger
a - Beastly Appendage     Tmut           ##....       7%          1    ##.....

Your spell library contained the following spells:

 Spells                   Type           Power        Failure   Level  Hunger
 Spider Form              Tmut/Pois      #.........   36%         3    ####...
 Blade Hands              Tmut           ##........   88%         5    ######.
 Ice Form                 Ice/Tmut       #.......     77%         4    #####..
 Sticks to Snakes         Tmut           ##......     10%         2    ###....


Dungeon Overview and Level Annotations

Branches:
Dungeon (2/15)

Altars:


Innate Abilities, Weirdness & Mutations

You cannot wear armour.
You are incapable of wielding weapons or throwing items.
Your paws allow you to move quietly. (Stealth)
You have sharp claws.
You have razor-sharp teeth.
You have supernaturally acute eyesight. (SInv)
You are carnivorous and can eat meat at any time.
You cover ground quickly.
You are covered in fur. (AC +1)
You have a slow metabolism.
Your sharp claws are effective at attacking unaware monsters.


Message History

It was a potion of cancellation.
Your magical effects are unravelling.
You feel magically purged.
You feel a little less mighty now.
* * * LOW HITPOINT WARNING * * *
You feel sick.
* * * LOW HITPOINT WARNING * * *
You feel sick.
Items here: $ ( ) ? a spear of venom; 8 stones; a scroll labeled QEZ AV NUTZ; 18 gold pieces
* * * LOW HITPOINT WARNING * * *
You feel sick.
* * * LOW HITPOINT WARNING * * *
You feel sick.
You die...
You feel sick.
You are now level 3!
You rejoin the land of the living...
Unknown command.
Are you sure you want to abandon this character and quit the game? (Confirm with "yes".)

... ..### ...#
..# ##
#####.####..
####..).......#
###)...###..##.##
##.†)####
##...g.. #@.###
#...... ##.##
#...... ##).#
#.##### #(.##
#.## ###)## #..#
## #.(<# ##)###.
#.### #.g... #.
#.(### . ##.#


There were no monsters in sight!

Vanquished Creatures
  3 gnolls (D:2)
  An adder (D:2)
  An ooze (D:2)
  A dart slug (D:1)
  A leopard gecko (D:1)
  7 bats
  6 goblins
  5 hobgoblins
  5 jackals
  4 kobolds
  5 frilled lizards
  6 rats (D:1)
45 creatures vanquished.

Notes
Turn   | Place    | Note
-------+----------+-------------------------------------------
     0 | D:1      | inc the Felid Transmuter began the quest for the Orb.
     0 | D:1      | Reached XP level 1. HP: 9/9 MP: 4/4
   586 | D:1      | Reached XP level 2. HP: 6/12 MP: 4/6
   843 | D:1      | Reached skill level 3 in Dodging
  1265 | D:1      | Reached XP level 3. HP: 14/15 MP: 7/7
  1366 | D:1      | Reached skill level 4 in Dodging
  1744 | D:2      | Reached skill level 5 in Dodging
  1950 | D:2      | Reached XP level 4. HP: 15/19 MP: 6/8
  2169 | D:2      | Succumbed to a gnoll's poison
  2170 | D:2      | Reached XP level 3. HP: 0/15 MP: 7/7
  2170 | D:2      | Quit the game

Vault maps used:
D:1:      tarquinn_simple_flora_water_a, minmay_small_reverse_x
D:2:      first_ration

Skill      XL: |  1  2  3 |
---------------+----------+-----
Transmutations | 3 |  3.1
Dodging        | 3 5 |  5.5
Fighting       | |  1.0
Unarmed Combat | |  3.0
Spellcasting   | |  2.0

Action                   |  1- 3 |  4- 6 || total
-------------------------+-------+-------++-------
Melee: Unarmed           |   131 |    19 ||   150
       Headbutt          |     4 |     1 ||     5
       Bite              |     9 |     2 ||    11
 Cast: Beastly Appendage |     6 |     1 ||     7
  Use: Potion            |       |     3 ||     3
  Eat: Chunk             |     9 |     1 ||    10
Armor: Skin              |     9 |       ||     9
Dodge: Dodged            |   117 |    18 ||   135

Table legend:
 A = Spawn XP
 B = Non-spawn XP
 C = Spawn XP percentage of total XP
 D = Spawn monster count
 E = Non-spawn monster count
 F = Spawn count percentage of total count
 G = Total turns spent on level
                    A         B        C        D         E        F      G
               +---------+---------+-------+---------+---------+-------+---------
         Total |       0 |     126 |   0.0 |       0 |      45 |   0.0 |  2170
               +---------+---------+-------+---------+---------+-------+---------
           D:1 |       0 |      45 |   0.0 |       0 |      28 |   0.0 |  1667
           D:2 |       0 |      81 |   0.0 |       0 |      17 |   0.0 |   503
               +---------+---------+-------+---------+---------+-------+---------
